Map: Post-Youth LE

Players

Oliveira - Winner!

  • Race: Terran Terran
  • League: Master
  • Spawn Location: 1:00

TalonDark (Dark)

  • Race: Zerg Zerg
  • Spawn Location: 7:00

VOD

Have the link to the VOD?

Description

Time

  • Played on: Sept. 30, 2024, 7:31 a.m.
  • Length: 14:00
Show
View Real Time Build Order
Export as new Build Order

Oliveira Terran - Winner!

Build Orders: 2 Factory, Command Center First 

Get SALT Encoding   

  12  0:00  SCV  
  13  0:13  SCV  
  14  0:17  Supply Depot  
  14  0:25  SCV  
  15  0:39  SCV  
  16  0:51  SCV  
  17  1:00  Command Center  
  17  1:04  SCV  
  18  1:16  Barracks  
  18  1:17  SCV  
  19  1:23  Refinery  
  19  1:29  SCV  
  19  1:31  Refinery  
  20  1:41  SCV  
  21  1:53  SCV  
  22  2:04  Reaper  
  22  2:06  Orbital Command  
  23  2:12  Orbital Command  
  23  2:20  Factory  
  23  2:31  Supply Depot, SCV  
  24  2:37  Barracks Reactor  
  24  2:39  SCV  
  24  2:43  SCV  
  26  2:49  Barracks  
  26  2:51  SCV  
  27  2:55  SCV  
  28  3:03  SCV  
  28  3:05  Starport  
  29  3:08  SCV  
  30  3:12  Marine  
  30  3:13  Marine  
  30  3:14  Factory Tech Lab  
  30  3:15  SCV  
  30  3:18  Supply Depot  
  33  3:20  SCV  
  34  3:27  SCV  
  34  3:30  Marine x2  
  34  3:33  Siege Tank  
  40  3:37  Barracks Tech Lab  
  40  3:38  SCV  
  40  3:39  SCV  
  42  3:42  Viking  
  42  3:47  Barracks  
  44  3:50  SCV  
  44  3:51  SCV  
  44  3:52  Marine x2  
  48  3:55  Supply Depot  
  48  3:58  Stimpack  
  48  4:00  Marine  
  48  4:02  SCV  
  50  4:04  Barracks  
  50  4:07  SCV  
  51  4:10  Marine  
  51  4:11  Engineering Bay  
  51  4:12  Marine  
  51  4:16  SCV  
  54  4:19  SCV  
  54  4:20  Barracks  
  54  4:24  Refinery  
  55  4:26  Supply Depot  
  55  4:29  Siege Tank  
  55  4:31  Marine  
  59  4:32  Marine  
  59  4:36  Marine x2  
  62  4:42  Terran Infantry Weapons Level 1  
  62  4:46  Starport Reactor  
  62  4:48  Supply Depot, Marine  
  62  4:50  Marine  
  62  4:52  Marine  
  65  4:54  Marine x2  
  67  5:01  Refinery, Siege Tank  
  67  5:02  Supply Depot  
  70  5:09  Supply Depot  
  70  5:10  Marine x4  
  70  5:11  Supply Depot  
  70  5:12  Marine x2  
  76  5:27  Marine x4  
  79  5:30  Marine x2  
  79  5:33  Medivac  
  79  5:34  Medivac  
  82  5:40  Supply Depot, Combat Shield  
  82  5:45  Marine x4  
  82  5:48  Marine x2, Siege Tank  
  90  5:53  Supply Depot  
  90  6:03  Marine x4  
  94  6:05  Marine  
  94  6:06  Marine  
  96  6:11  Medivac x2  
  96  6:13  Supply Depot  
  100  6:21  Marine x4  
  100  6:23  Marine x2  
  104  6:36  Terran Infantry Armor Level 1  
  104  6:39  Marine x4  
  93  6:41  Marine x2  
  67  6:56  Marine x4  
  67  6:59  Marine x2  
  64  7:03  Siege Tank  
  64  7:07  SCV x2  
  69  7:09  Liberator  
  69  7:11  Liberator  
  69  7:12  Command Center  
  69  7:14  Marine  
  78  7:17  Barracks Reactor  
  78  7:20  Barracks Tech Lab x2  
  74  7:23  SCV  
  74  7:25  Marine  
  74  7:27  SCV  
  74  7:28  Marauder, Concussive Shells  
  79  7:32  Marine  
  79  7:35  Siege Tank  
  83  7:40  Marauder x2  
  86  7:45  Marine  
  86  7:47  Command Center, SCV  
  86  7:48  SCV  
  89  7:53  Marauder, Marine x3  
  94  7:59  SCV  
  94  8:00  SCV  
  94  8:03  Marauder x2  
  100  8:06  Supply Depot x2  
  100  8:07  Marine  
  100  8:11  SCV, Marine  
  100  8:12  Siege Tank  
  106  8:19  Marine  
  105  8:20  Marine  
  105  8:23  Marine  
  105  8:24  Marine  
  105  8:25  Marauder  
  106  8:29  Marine x2  
  103  8:37  Liberator, Marine  
  103  8:38  Liberator  
  110  8:48  Marine x2  
  107  8:49  Marauder, Marine  
  112  8:57  Marine, Siege Tank  
  113  9:05  Orbital Command  
  113  9:09  Marine x2  
  115  9:11  Marine  
  115  9:14  Marauder  
  115  9:16  Marine  
  114  9:25  Marauder, Marine  
  114  9:30  Marine x2  
  103  9:35  Marauder  
  98  9:38  Marine  
  98  9:43  Marauder  
  97  9:46  Marine  
  97  9:47  Marauder, SCV x2  
  97  9:48  Marine, Siege Tank  
  97  9:51  Marine  
  104  9:57  Marauder  
  102  10:03  Marine  
  102  10:04  Liberator, Marine  
  102  10:05  Marauder  
  108  10:12  Marine  
  108  10:13  Marine  
  103  10:16  Liberator  
  103  10:17  Marine  
  103  10:18  SCV  
  103  10:20  Marine  
  93  10:23  Siege Tank  
  93  10:24  SCV x2  
  93  10:26  Marauder  
  93  10:28  Marine  
  99  10:30  SCV  
  99  10:32  Engineering Bay  
  99  10:33  Armory, Marine  
  99  10:34  Marauder  
  101  10:36  Marine x2  
  103  10:45  Marine  
  103  10:46  Marine  
  103  10:47  Marauder  
  103  10:49  Supply Depot, Medivac  
  109  10:52  Marine  
  109  10:54  Marine  
  109  10:55  Marauder x2  
  118  10:57  Siege Tank  
  118  10:59  Medivac  
  118  11:03  Marine  
  121  11:07  Marine  
  121  11:09  Marauder  
  124  11:15  Marine  
  124  11:16  Marauder, Marine  
  124  11:17  Marauder  
  130  11:18  Command Center  
  130  11:20  Supply Depot  
  130  11:21  Terran Infantry Armor Level 2  
  130  11:25  Terran Infantry Weapons Level 2  
  129  11:26  Marine x2  
  129  11:30  Marauder  
  129  11:31  SCV x2  
  135  11:33  Drilling Claws  
  135  11:35  Siege Tank  
  135  11:37  Marauder  
  135  11:38  SCV, Marine  
  142  11:43  SCV  
  143  11:49  Barracks  
  143  11:50  Barracks, Marine x2  
  143  11:52  Marine  
  146  11:55  Marine x2  
  145  12:01  Marine  
  145  12:02  Marauder  
  145  12:08  Marine  
  130  12:20  Marauder, Marine x2  
  128  12:25  Marine  
  128  12:26  Marauder  
  128  12:29  Widow Mine  
  129  12:30  Marauder, Marine  
  129  12:31  Planetary Fortress  
  132  12:38  Marine x2  
  132  12:42  Marauder  
  136  12:45  Marine  
  136  12:47  Marauder  
  136  12:48  Barracks Reactor, Barracks Tech Lab  
  136  12:49  Marine  
  133  12:52  Marauder  
  133  12:56  Marine x2  
  133  12:58  Command Center  
  132  13:00  Siege Tank  
  132  13:01  Medivac x2  
  132  13:03  Marauder, Marine  
  140  13:06  Factory  
  140  13:07  Marine  
  140  13:08  Marauder, Barracks  
  136  13:13  Marauder, Marine  
  136  13:18  SCV x2  
  141  13:21  Marine, Refinery  
  141  13:22  Supply Depot  
  141  13:24  Marauder  
  141  13:30  Marine x2  
  141  13:31  Marauder  
  139  13:37  Marine  
  139  13:38  Marauder, Marine  
Show
View Real Time Build Order
Export as new Build Order

TalonDark Zerg 

Build Orders: Hatch First 

Get SALT Encoding   

  12  0:00  Drone  
  13  0:12  Overlord  
  13  0:17  Drone  
  14  0:30  Drone x2  
  16  0:48  Hatchery  
  15  0:52  Drone  
  15  0:55  Drone  
  17  0:59  Drone  
  18  1:09  Extractor  
  18  1:14  Spawning Pool  
  18  1:18  Drone  
  18  1:20  Drone  
  19  1:28  Drone  
  20  1:40  Drone  
  20  1:45  Hatchery  
  20  1:52  Drone  
  21  2:01  Queen  
  21  2:03  Drone x2  
  25  2:11  Overlord  
  25  2:16  Queen  
  25  2:21  Drone  
  28  2:30  Drone x2  
  28  2:35  Drone x2  
  28  2:37  Queen  
  32  2:43  Drone  
  35  2:45  Drone  
  36  2:57  Queen  
  36  2:58  Overlord, Queen  
  40  3:01  Overlord  
  40  3:03  Drone  
  40  3:04  Drone  
  42  3:16  Overlord  
  42  3:18  Drone x3  
  46  3:20  Drone  
  46  3:26  Queen, Drone x3  
  51  3:27  Drone  
  51  3:28  Drone  
  51  3:32  Drone  
  54  3:37  Overlord  
  54  3:38  Overlord  
  54  3:42  Overlord  
  54  3:49  Extractor  
  54  3:52  Overlord, Extractor  
  54  3:53  Extractor  
  54  3:54  Roach Warren  
  50  3:57  Drone x2  
  50  4:00  Drone x5  
  57  4:05  Drone  
  57  4:06  Drone  
  57  4:09  Drone x5  
  64  4:11  Drone x2  
  64  4:15  Hatchery  
  66  4:17  Drone  
  66  4:25  Drone  
  66  4:26  Drone  
  66  4:27  Drone, Spore Crawler  
  66  4:28  Extractor  
  66  4:30  Spore Crawler  
  66  4:34  Lair  
  66  4:35  Overlord  
  66  4:36  Roach x2  
  66  4:37  Roach  
  72  4:43  Extractor, Drone x3  
  74  4:47  Evolution Chamber  
  74  4:49  Evolution Chamber  
  74  4:52  Roach x3  
  78  5:01  Drone x4  
  78  5:02  Extractor  
  81  5:07  Drone x3  
  81  5:09  Roach x5  
  94  5:19  Roach x2  
  98  5:21  Zerg Ground Armor Level 1  
  98  5:23  Overlord  
  94  5:32  Roach x5  
  94  5:33  Roach  
  98  5:39  Zerg Melee Weapons Level 1  
  98  5:41  Glial Reconstitution  
  98  5:43  Drone  
  98  5:44  Drone  
  98  5:47  Roach x4  
  98  5:49  Overlord  
  106  5:57  Overlord  
  106  5:58  Overlord x2  
  106  6:06  Hatchery  
  106  6:09  Ravager x4  
  109  6:13  Hatchery  
  109  6:15  Drone  
  109  6:16  Drone  
  110  6:19  Ravager x2  
  110  6:21  Baneling Nest  
  110  6:25  Zergling x10  
  116  6:26  Zergling x2  
  116  6:31  Ravager x3  
  120  6:33  Roach  
  120  6:37  Roach x2  
  120  6:38  Roach  
  114  6:43  Roach x3  
  92  6:48  Roach x2  
  92  6:49  Roach  
  92  6:52  Roach  
  84  6:58  Roach x3  
  84  7:00  Drone  
  84  7:01  Drone x3  
  89  7:07  Queen x2  
  89  7:08  Drone x4  
  96  7:09  Drone  
  96  7:11  Drone x2  
  96  7:14  Drone x2  
  102  7:20  Zerg Ground Armor Level 2  
  102  7:28  Drone  
  102  7:29  Infestation Pit, Drone x3  
  105  7:32  Drone x2  
  107  7:39  Zergling x2  
  107  7:40  Zergling x8  
  112  7:45  Zergling x6  
  112  7:48  Zerg Melee Weapons Level 2  
  112  7:49  Zergling x2, Centrifugal Hooks  
  116  7:53  Zergling x6  
  116  7:54  Ravager  
  116  7:56  Zergling x4  
  122  7:59  Metabolic Boost  
  122  8:01  Roach x2  
  126  8:08  Roach x4  
  126  8:09  Roach  
  130  8:20  Roach  
  130  8:21  Roach x2  
  130  8:22  Roach  
  130  8:23  Queen  
  130  8:25  Queen  
  135  8:27  Drone  
  135  8:31  Overlord x2  
  135  8:32  Queen  
  134  8:38  Drone x4  
  135  8:45  Drone x3  
  135  8:46  Drone  
  132  8:51  Zergling x10  
  132  8:55  Zergling x2  
  137  8:57  Ravager  
  137  8:58  Zergling x2  
  137  9:02  Zergling x6  
  136  9:03  Ravager x4  
  136  9:05  Baneling  
  136  9:06  Baneling x3  
  136  9:07  Ravager  
  137  9:10  Ravager x5  
  137  9:12  Zergling x6  
  137  9:16  Zergling x2  
  134  9:28  Zergling x8  
  106  9:33  Roach x2  
  106  9:36  Roach x2, Queen  
  106  9:37  Queen  
  97  9:43  Roach x8  
  97  9:44  Roach x2, Drone  
  109  9:46  Roach  
  109  9:51  Roach  
  112  9:57  Roach x2  
  108  10:02  Roach  
  108  10:04  Ravager x2  
  109  10:09  Zergling x4  
  102  10:14  Roach x3  
  102  10:18  Zergling x2  
  102  10:19  Zergling x8  
  93  10:25  Zergling x2  
  94  10:29  Zergling x4, Ravager  
  94  10:30  Ravager x2  
  94  10:32  Hatchery  
  94  10:33  Zergling x2  
  99  10:39  Zergling x4  
  101  10:45  Hatchery, Ravager x2  
  101  10:46  Zergling x2  
  101  10:49  Zergling x2, Baneling x2  
  105  10:50  Zergling x2  
  105  10:54  Zergling x4  
  105  10:55  Zergling x6  
  105  10:56  Zergling x2  
  111  11:00  Zergling x2  
  111  11:03  Zergling x2  
  113  11:06  Ravager x2  
  113  11:07  Zergling x2  
  113  11:09  Zerg Missile Weapons Level 1  
  116  11:13  Hive  
  116  11:14  Zergling x4  
  116  11:17  Zergling x2  
  119  11:24  Drone x2  
  120  11:28  Drone  
  120  11:32  Drone  
  121  11:37  Drone x5  
  121  11:38  Drone x2  
  124  11:45  Spore Crawler  
  123  11:52  Zergling x10  
  124  11:58  Baneling, Zergling x6  
  124  11:59  Baneling x9  
  125  12:01  Zergling x2  
  123  12:12  Zergling x6  
  123  12:13  Zergling x4  
  113  12:20  Zergling x10  
  113  12:27  Roach x3  
  113  12:29  Roach  
  116  12:30  Baneling x3  
  116  12:31  Baneling  
  116  12:33  Roach  
  116  12:36  Roach x2  
  122  12:37  Baneling x2  
  122  12:39  Roach  
  122  12:40  Roach  
  123  12:46  Roach x2  
  123  12:47  Baneling x4  
  120  12:52  Zergling x8  
  118  13:00  Zergling x6  
  117  13:07  Roach x2  
  117  13:08  Queen x4  
  117  13:12  Zergling x4  
  127  13:18  Zergling x4  
  127  13:19  Zergling x2  
  130  13:21  Drone  
  130  13:23  Zergling x2  
  125  13:29  Roach x2  
  125  13:32  Zergling x2  
  125  13:33  Zergling x6  
  121  13:35  Zergling x4  
  121  13:40  Zergling x2  
  124  13:42  Ravager x2  
Tags
 
Add a new tag
Caveats
  • Supply blocks, unpowered buildings, or Contaminate may cause inaccurate times.
  • Supply counts are checked every 10 seconds.